 Dungeon Crawl Stone Soup version 0.22.0-21-g8bd1b0a (webtiles) character file.

103 Lew the Skirmisher (level 4, -1/29 HPs)
             Began as a Gargoyle Fighter on Aug 19, 2018.
             Killed from afar by Natasha (7 damage)
             ... with a wand of flame (20)
             ... on level 2 of the Dungeon.
             The game lasted 00:02:33 (873 turns).

Lew the Skirmisher (Gargoyle Fighter)                Turns: 873, Time: 00:02:33

Health: -1/29      AC: 12    Str: 24    XL:     4   Next: 79%
Magic:  4/4        EV:  8    Int:  9    God:
Gold:   66         SH:  9    Dex: 10    Spells: 3/3 levels left

rFire    . . .     SeeInvis .   a - +0 flail
rCold    . . .     Gourm    .   c - +0 shield
rNeg     + . .     Faith    .   b - +0 scale mail
rPois    ∞         Spirit   .   (no helmet)
rElec    +         Reflect  .   (no cloak)
rCorr    .         Harm     .   (no gloves)
MR       .....                  (no boots)
Stlth    ..........             (no amulet)
HPRegen  0.09/turn              h - +2 ring of protection
MPRegen  0.09/turn              (no ring)

@: mighty
A: negative energy resistance 1, electricity resistance, unbreathing,
petrification resistance, rot immunity, AC +3
a: no special abilities


You were on level 2 of the Dungeon.
You were not hungry.

You visited 1 branch of the dungeon, and saw 2 of its levels.

You collected 66 gold pieces.

Inventory:

Hand Weapons
 a - a +0 flail (weapon)
Armour
 b - a +0 scale mail (worn)
 c - a +0 shield (worn)
Jewellery
 h - a +2 ring of protection (left hand)
 k - a +3 ring of protection
Scrolls
 e - a scroll of fear {unknown}
 g - 3 scrolls of identify {unknown}
 j - a scroll of random uselessness {unknown}
Potions
 d - a potion of might
 i - a potion of resistance {unknown}
 l - a potion of curing {unknown}
Comestibles
 f - 4 rations


   Skills:
 + Level 4.0 Fighting
 + Level 2.7 Maces & Flails
 + Level 3.9 Armour
 + Level 1.3 Dodging
 + Level 3.9 Shields


You had 3 spell levels left.
You didn't know any spells.
Your spell library was empty.

Dungeon Overview and Level Annotations

Branches:
Dungeon (2/15)

Altars:
Zin

Annotations:
D:2 Natasha


Innate Abilities, Weirdness & Mutations

You are resistant to torment.
Your stone body is resilient. (AC +3)
You are immune to poison.
You resist negative energy. (rN+)
You are resistant to electric shocks. (rElec)
You can survive without breathing.
You are immune to petrification.
You are immune to rotting.


Message History

You are too injured to fight recklessly!
Okay, then.
Okay, then.
You feel very mighty all of a sudden. You block the white imp's attack.
Natasha zaps a wand.
The puff of flame misses you.
The puff of flame hits the bat.
The bat dies!
You bludgeon Natasha!!
You kill Natasha!
Natasha screams in pain as she dies!
The white imp disappears in a puff of smoke!
Your Fighting skill increases to level 4!
You start resting.
Natasha, Servant of Life and Death comes into view.
Natasha hisses angrily.
Natasha casts a spell at you. The magic dart hits you!
Natasha claws you but does no damage.
You barely miss Natasha.
Natasha zaps a wand.
The puff of flame hits you!
You die...

#....#...........####.......#
#....#..........## ##.#.####.
....#.........## #.#......
###...........## #.)..####
..?............# ##...####
##.(..........# #........
#....(.......## ###..####
#....($.......########..####
###..(#.#..@h...............
#.#(#.##†##.....(......###
.........................#....
.##...........#..........#####
............... ......... #
................ .)...... #
................. ..#..#. #
#...................##...
#..............


You could see Natasha.

Vanquished Creatures
  Natasha (twice) (D:2)
  2 adders (D:2)
  An ooze (D:1)
  A leopard gecko (D:1)
  A ball python (D:1)
  8 bats
  7 goblins
  4 hobgoblins
  A frilled lizard (D:1)
  3 kobolds
  3 rats
33 creatures vanquished.

Vanquished Creatures (others)
  A bat (D:2)
1 creature vanquished.

Grand Total: 34 creatures vanquished

Notes
Turn   | Place    | Note
-------+----------+-------------------------------------------
     0 | D:1      | Lew the Gargoyle Fighter began the quest for the Orb.
     0 | D:1      | Reached XP level 1. HP: 14/14 MP: 1/1
   132 | D:1      | Reached XP level 2. HP: 19/19 MP: 2/2
   418 | D:1      | Reached XP level 3. HP: 22/23 MP: 3/3
   707 | D:2      | Reached skill level 1 in Dodging
   775 | D:2      | Found a glowing silver altar of Zin.
   810 | D:2      | Noticed Natasha
   821 | D:2      | Killed Natasha
   821 | D:2      | Reached XP level 4. HP: 19/29 MP: 4/4
   825 | D:2      | Noticed Natasha
   832 | D:2      | Killed Natasha
   832 | D:2      | Reached skill level 4 in Fighting
   870 | D:2      | Noticed Natasha
   873 | D:2      | Killed from afar by Natasha

Skill      XL: |  1  2  3  4 |
---------------+-------------+-----
Dodging        | 1 |  1.3
Fighting       | 4 |  4.0
Maces & Flails | |  2.7
Armour         | |  3.9
Shields        | |  3.9

Action                   |  1- 3 |  4- 6 || total
-------------------------+-------+-------++-------
Melee: Flail             |   159 |     6 ||   165
  Use: Potion            |       |     1 ||     1
Armor: Scale mail        |   139 |     7 ||   146
Dodge: Dodged            |    77 |     6 ||    83
Block: Shield            |   124 |     5 ||   129
